 Dungeon Crawl Stone Soup version 0.21.0-3-g78d12a8bdd (webtiles) character file.

3627 Principatus the Covert (level 9, -2/57 HPs)
             Began as a Vampire Enchanter on Jan 13, 2018.
             Was a Priest of Makhleb.
             Shot with an arrow by a centaur (7 damage)
             ... on level 8 of the Dungeon.
             The game lasted 00:57:25 (12659 turns).

Principatus the Covert (Vampire Enchanter)         Turns: 12659, Time: 00:57:26

Health: -2/57      AC:  6    Str: 10    XL:     9   Next: 87%
Magic:  8/14       EV: 11    Int: 17    God:    Makhleb [***...]
Gold:   427        SH:  0    Dex: 15    Spells: 3/14 levels left

rFire    + . .     SeeInvis +   a - +0 dagger (venom)
rCold    . . .     Gourm    .   (no shield)
rNeg     + . .     Faith    .   n - +0 ring mail {rF+}
rPois    .         Spirit   .   (no helmet)
rElec    .         Reflect  .   i - +0 cloak
rCorr    .         Harm     .   (no gloves)
MR       .....                  (no boots)
Stlth    ++++......             (no amulet)
HPRegen  0.19/turn              (no ring)
MPRegen  0.14/turn              (no ring)

@: no status effects
A: fangs 3, see invisible, unbreathing
a: Bat Form, Minor Destruction, Lesser Servant of Makhleb, Renounce Religion


You were on level 8 of the Dungeon.
You worshipped Makhleb.
Makhleb was most pleased with you.
You were not thirsty.

You visited 1 branch of the dungeon, and saw 8 of its levels.
You also visited: Sewer.

You collected 427 gold pieces.

Inventory:

Hand Weapons
 a - a +0 dagger of venom (weapon)
 b - a +0 dagger of speed
 J - a +1 dagger
Missiles
 h - 3 tomahawks
 j - 6 javelins (quivered)
 l - 6 javelins of penetration
 y - 18 poisoned needles
 E - 3 exploding tomahawks
Armour
 i - a +0 cloak (worn)
 n - a +0 ring mail of fire resistance (worn)
 u - a +0 robe
 B - a +0 chain mail
Wands
 A - a wand of random effects (29)
 C - a wand of paralysis (30)
 H - a wand of flame (31)
Scrolls
 e - 3 scrolls of magic mapping
 m - 3 scrolls of fear
 o - a scroll of immolation
 q - a scroll of amnesia
 r - a scroll of noise {unknown}
 s - a scroll of fog {unknown}
 x - 4 scrolls of teleportation
 D - 7 scrolls of identify
 K - a scroll of enchant armour {unknown}
 M - a scroll of remove curse
Potions
 d - 8 potions of blood
 f - 2 potions of berserk rage {unknown}
 g - 5 potions of heal wounds
 k - 2 potions of might
 p - a potion of magic
 t - a potion of haste
 v - 2 potions of agility {unknown}
 w - 2 potions of curing {unknown}
 z - 3 potions of lignification
 F - a potion of flight {unknown}
 G - a potion of degeneration {unknown}
 I - a potion of ambrosia {unknown}
 L - a potion of brilliance {unknown}
Books
 c - a book of Maledictions

   Spells                             Type                      Level
   a - Corona                         Hexes                        1
   b - Ensorcelled Hibernation        Hexes/Ice                    2
   c - Confuse                        Hexes                        3
   d - Tukima's Dance                 Hexes                        3
   e - Dazzling Spray                 Conjuration/Hexes            3


   Skills:
 * Level 9.6 Short Blades
 - Level 2.3 Dodging
 + Level 11.0 Stealth
 - Level 3.3 Spellcasting
 + Level 10.2 Hexes
 + Level 4.6 Invocations


You had 3 spell levels left.
You knew the following spells:

 Your Spells              Type           Power        Failure   Level  Hunger
b - Ensorcelled Hibernat  Hex/Ice        ###...       9%          2    ##.....
c - Tukima's Dance        Hex            #####...     1%          3    ###....
d - Dazzling Spray        Conj/Hex       ###...       16%         3    ###....
e - Confuse               Hex            #####...     1%          3    ###....


Dungeon Overview and Level Annotations

Branches:
Dungeon (8/15)             Temple (0/1) D:6            Lair (0/6) D:8

Altars:
Makhleb
Qazlal
Trog
Vehumet
Xom
Yredelemnul

Shops:
D:5 %

Annotations:
D:7 Fv001's ghost, novice FoEE


Innate Abilities, Weirdness & Mutations

You have razor-sharp teeth.
You have supernaturally acute eyesight. (SInv)
You can survive without breathing.


Message History

The ogre hits your orange demon with a giant spiked club!
Your orange demon stings the ogre!
The ogre dies!
Makhleb accepts your kill.
Your Stealth skill increases to level 11!
What are your orders? t - Shout!
Orders for allies: a - Attack new target. p - Attack previous target. r - Retreat! s - Stop attacking. g - Guard the area. f - Follow me.
Anything else - Cancel.
Gang up on whom?
Press: ? - help, Dir - move target cursor, f/p - centaur
Aim: a centaur Attack!
The centaur wields an uncursed shortbow.
The centaur shoots an arrow.
The arrow completely misses your orange demon.
The arrow hits you!
You die...

#################### #######
#.......#..........# #.....#
#.......#.#####..#.#
####.....#####.......#.####...#.#
...'.....'c)4...@...........>[..#
####.....################.#..#..#
#......(..# #.#<....#
######..O.######## #.......#
......'....c....... ###......
#######....#.....#.# #......
#....#.....#.. #......
#....#.....##. #......
#....#.....##.#####.)....


You could see a centaur and a friendly orange demon.

Vanquished Creatures
  A two-headed ogre (D:6)
  Pikel (D:5)
  A hornet (D:7)
  A hippogriff (D:7)
  Duvessa (D:5)
  2 slaves (D:5)
  An ice beast (D:7)
  A phantom (D:5)
  2 centaurs
  3 big kobolds (Sewer)
  3 bullfrogs (D:6)
  3 scorpions
  Dowan (D:5)
  3 wights (D:6)
  2 howler monkeys
  2 crimson imps
  5 hounds
  2 bullfrog skeletons (D:5)
  An orc priest (D:5)
  Ijyb (D:4)
  A centaur skeleton (D:5)
  An orc wizard (D:8)
  2 worker ants
  2 hound zombies (D:7)
  2 hound skeletons
  11 gnolls
  16 adders
  A howler monkey skeleton (D:4)
  3 river rats
  A shadow imp (D:5)
  6 oozes
  An adder skeleton (D:5)
  5 worms
  2 dart slugs
  3 leopard geckos
  24 orcs
  4 bats
  2 giant cockroaches
  2 gnoll zombies (D:7)
  5 goblins
  9 hobgoblins
  5 jackals (D:3)
  4 ball pythons
  2 frilled lizards
  15 kobolds
  A leopard gecko skeleton (D:4)
  A quokka skeleton (D:4)
  11 rats
179 creatures vanquished.

Vanquished Creatures (collateral kills)
  An orc warrior (D:7)
  An ogre (D:8)
  2 wights (D:7)
  A gnoll (D:2)
5 creatures vanquished.

Grand Total: 184 creatures vanquished

Notes
Turn   | Place    | Note
-------+----------+-------------------------------------------
     0 | D:1      | Principatus the Vampire Enchanter began the quest for the Orb.
     0 | D:1      | Reached XP level 1. HP: 13/13 MP: 3/3
   657 | D:1      | Reached XP level 2. HP: 15/19 MP: 3/5
  1120 | D:1      | Reached skill level 5 in Stealth
  1534 | D:2      | Reached XP level 3. HP: 13/24 MP: 4/6
  1538 | D:2      | Learned a level 2 spell: Ensorcelled Hibernation
  1675 | D:2      | Learned a level 3 spell: Tukima's Dance
  1707 | D:2      | Reached skill level 5 in Hexes
  2712 | D:2      | Reached XP level 4. HP: 21/30 MP: 3/7
  3013 | D:2      | Reached skill level 6 in Stealth
  3287 | D:2      | Found a burning altar of Makhleb.
  3293 | D:2      | Became a worshipper of Makhleb the Destroyer
  3312 | D:2      | Reached XP level 5. HP: 35/35 MP: 5/8
  3618 | D:3      | Found a glowing drain.
  3622 | Sewer    | Entered a sewer
  4130 | Sewer    | Reached XP level 6. HP: 41/41 MP: 0/9
  4446 | Sewer    | Reached * piety under Makhleb
  4793 | Sewer    | Reached skill level 7 in Stealth
  5851 | D:3      | Reached XP level 7. HP: 46/46 MP: 11/11
  6159 | D:4      | Reached ** piety under Makhleb
  6449 | D:4      | Found a bloodstained altar of Trog.
  6541 | D:4      | Noticed Ijyb
  6568 | D:4      | Reached skill level 5 in Short Blades
  6616 | D:4      | Killed Ijyb
  6656 | D:4      | Learned a level 3 spell: Dazzling Spray
  7045 | D:5      | Entered Level 5 of the Dungeon
  7211 | D:5      | Found Ojanwucs's Food Emporium.
  7277 | D:5      | Reached skill level 1 in Invocations
  7431 | D:4      | Learned a level 3 spell: Confuse
  7809 | D:5      | Noticed Dowan
  7934 | D:5      | Reached skill level 8 in Stealth
  8000 | D:5      | Reached XP level 8. HP: 52/52 MP: 13/13
  8043 | D:5      | Killed Dowan
  8059 | D:5      | Noticed Duvessa
  8073 | D:5      | Killed Duvessa
  8208 | D:5      | Noticed Pikel
  8251 | D:5      | Killed Pikel
  8251 | D:5      | Reached skill level 9 in Stealth
  8854 | D:6      | Found a radiant altar of Vehumet.
  9054 | D:6      | Found a staircase to the Ecumenical Temple.
  9279 | D:6      | Noticed a two-headed ogre
  9959 | D:6      | Found a stormy altar of Qazlal.
  9974 | D:6      | Reached XP level 9. HP: 57/57 MP: 9/14
  9975 | D:6      | Found a shimmering altar of Xom.
 10295 | D:7      | Noticed Fv001's ghost (novice FoEE)
 10359 | D:7      | Reached *** piety under Makhleb
 10397 | D:6      | Reached skill level 10 in Stealth
 10475 | D:6      | Killed a two-headed ogre
 11590 | D:7      | Found a basalt altar of Yredelemnul.
 11745 | D:7      | Reached skill level 10 in Hexes
 11919 | D:8      | Found a staircase to the Lair.
 12658 | D:8      | Reached skill level 11 in Stealth
 12659 | D:8      | Shot with an arrow by a centaur

Skill      XL: |  1  2  3  4  5  6  7  8  9 |
---------------+----------------------------+-----
Stealth        | 5 6 7 8 9 11 | 11.0
Short Blades   | 2 3 4 6 7 9 |  9.6
Hexes          | 5 6 7 9 10 | 10.2
Spellcasting   | 3 |  3.3
Invocations    | 1 3 4 |  4.6
Dodging        | |  2.3

Action                   |  1- 3 |  4- 6 |  7- 9 || total
-------------------------+-------+-------+-------++-------
Melee: Dagger            |    99 |   210 |   452 ||   761
       Bite              |     8 |    12 |    36 ||    56
Throw: Javelin           |       |     6 |     4 ||    10
 Cast: Corona            |    12 |       |       ||    12
       Ensorcelled Hiber |     8 |    59 |    96 ||   163
       Tukima's Dance    |       |     2 |    17 ||    19
       Dazzling Spray    |       |       |     3 ||     3
       Confuse           |       |       |     4 ||     4
Invok: Lesser Servant of |       |       |     1 ||     1
 Abil: End Transformatio |     1 |       |     1 ||     2
       Bat Form          |     1 |       |     1 ||     2
  Use: Potion            |     4 |    14 |    22 ||    40
       Scroll            |       |     2 |     8 ||    10
 Stab: Sleeping          |    13 |    42 |    55 ||   110
       Distracted        |     1 |       |     2 ||     3
       Invisible         |       |       |     4 ||     4
       Confused          |       |       |     2 ||     2
Armor: Robe              |    12 |       |       ||    12
       Ring mail         |     3 |    41 |    97 ||   141
Dodge: Dodged            |    42 |    88 |   149 ||   279
